 Dungeon Crawl Stone Soup version 0.18.1-6-gd335043 (webtiles) character file.

159699 imganon the Axe Maniac (level 17, -1/154 HPs)
             Began as a Hill Orc Berserker on May 16, 2016.
             Was an Elder of Trog.
             Killed from afar by a merfolk aquamancer (32 damage)
             ... with a ball of steam
             ... on level 3 of the Shoals on May 17, 2016.
             The game lasted 01:14:49 (39022 turns).

imganon the Axe Maniac (Hill Orc Berserker)        Turns: 39022, Time: 01:14:49

Health: -1/154     AC: 20    Str: 30    XL:     17   Next: 74%
Magic:  8/8        EV:  9    Int:  7    God:    Trog [****..]
Gold:   2477       SH:  0    Dex: 10    Spells: 0 memorised, 16 levels left

rFire  . . .     SeeInvis .     S - +5 executioner's axe (antimagic)
rCold  . . .     Gourm    .     Q - +0 plate armour
rNeg   . . .     Faith    .     (shield currently unavailable)
rPois  .         Spirit   .     (no helmet)
rElec  .         Dismiss  .     F - +0 cloak
rCorr  .         Reflect  .     (no gloves)
SustAt .         Harm     .     e - +1 pair of boots
MR     +++..                    (no amulet)
Stlth  ..........               a - +3 ring of strength
                                z - +3 ring of slaying

@: regenerating, extremely resistant to hostile enchantments, extremely
unstealthy
A: no striking features
a: Berserk, Trog's Hand, Brothers in Arms, Burn Spellbooks, Renounce Religion


You were on level 3 of the Shoals.
You worshipped Trog.
Trog was greatly pleased with you.
You were not hungry.

You visited 4 branches of the dungeon, and saw 29 of its levels.
You also visited: Sewer, Ice Cave and Volcano.

You collected 2702 gold pieces.
You spent 225 gold pieces at shops.

Inventory:

Hand Weapons
 w - a +1 battleaxe of flaming
 S - a +5 antimagic executioner's axe (weapon)
Armour
 e - a +1 pair of boots (worn)
 F - a +0 cloak (worn)
 N - the +2 pair of gloves of the Onion {rC- MR- rCorr Int+7}
   (You found it on level 3 of the Lair of Beasts)

   It affects your intelligence (+7).
   It makes you vulnerable to cold.
   It affects your resistance to hostile enchantments.
   It protects you from acid and corrosion.
 Q - a +0 plate armour (worn)
Jewellery
 a - a +3 ring of strength (right hand)
 b - an uncursed ring of fire
 d - an uncursed amulet of rage
 g - an uncursed ring of flight
 p - a cursed ring of loudness {unknown}
 r - a +4 ring of protection
 z - a +3 ring of slaying (left hand)
 D - an uncursed ring of protection from cold
 O - an uncursed ring of see invisible
 W - an uncursed amulet of faith
 Z - an uncursed ring of positive energy
Wands
 l - a wand of paralysis (8/24)
 B - a wand of flame (14/48)
 C - a wand of lightning (9/15)
 L - a wand of iceblast (11/15)
 P - a wand of heal wounds (6/9)
 U - a wand of slowing (28/48)
 V - a wand of flame (31/48)
 X - a wand of disintegration (13/24)
Scrolls
 f - 4 scrolls of enchant armour
 j - 8 scrolls of teleportation
 n - 15 scrolls of identify
 o - 18 scrolls of remove curse
 q - a scroll of blinking
 v - 4 scrolls of fog
 y - a scroll of magic mapping
 M - 5 scrolls of recharging
 R - 2 scrolls of summoning
 T - 3 scrolls of fear
Potions
 h - 4 potions of brilliance
 k - 4 potions of agility
 m - 2 potions of might
 x - 10 potions of flight
 E - a potion of magic
 G - 2 potions of heal wounds
 H - 3 potions of haste
 I - 2 potions of ambrosia
 J - 3 potions of invisibility
 Y - a potion of cure mutation
Comestibles
 c - 4 bread rations
 i - 3 chunks of flesh
 s - 11 meat rations
 A - 8 beef jerkies
 K - 18 royal jellies


   Skills:
 + Level 14.9 Fighting
 O Level 27 Axes
 + Level 14.2 Armour
 - Level 1.5 Dodging
 - Level 10.0 Evocations


You had 16 spell levels left.
You didn't know any spells.

Dungeon Overview and Level Annotations

Branches:
Dungeon (15/15)            Temple (0/1) D:6            Lair (8/8) D:11
 Shoals (4/4) Lair:3       Spider (0/4) Lair:4        Slime (0/6) Lair:6
    Orc (2/2) D:12            Elf (0/3) Orc:2        Vaults (0/5) D:14
 Depths (0/5) D:15

Altars:
Cheibriados
Elyvilon
Fedhas
Pakellas
Sif Muna
Xom
Yredelemnul

Shops:
D:8 [   Orc:1 ?   Orc:2 *%?(


Message History

You feel slightly more hungry.
You are engulfed in a cloud of scalding steam.
The merfolk shouts!
The merfolk throws a tomahawk.
The tomahawk barely misses you.
You hear a splash. 2 water elementals come into view.
You are engulfed in a cloud of scalding steam.
* * * LOW HITPOINT WARNING * * *
The merfolk aquamancer gestures at you while chanting.
The ball of steam hits you!
* * * LOW HITPOINT WARNING * * *
A water elemental comes into view.
Things that are here:
a leather armour; 12 javelins; a spear of flaming Unknown command.
Unknown command.
You completely miss the merfolk aquamancer.
The merfolk aquamancer gestures at you while chanting.
The ball of steam hits you!
You die...

≈≈≈≈≈≈≈≈≈≈≈≈≈≈≈≈≈≈≈≈≈≈≈≈≈≈≈≈≈≈≈
≈≈≈≈≈≈≈≈≈≈≈≈≈≈≈≈≈≈≈≈≈≈≈≈≈≈≈≈≈≈≈
≈≈≈≈≈≈≈≈≈≈≈≈≈≈E≈≈)≈≈≈≈≈≈≈≈≈≈≈≈≈
≈≈≈≈≈≈≈≈≈≈≈≈≈≈≈≈.>.≈≈≈≈≈≈≈≈≈≈≈≈
≈≈≈≈≈≈≈≈≈≈..≈≈≈≈.Em≈≈≈≈≈≈≈≈≈≈≈≈
≈≈≈≈≈≈≈≈≈...≈≈≈≈E..≈≈≈≈≈≈.≈≈≈≈≈
≈≈≈≈≈≈≈≈≈..((≈......≈)≈≈≈.≈≈≈≈≈
≈≈≈≈≈≈≈≈≈≈≈≈≈§m(.)..≈≈≈≈≈≈≈≈≈≈≈
≈≈≈≈≈≈≈≈≈≈≈≈≈(@##))≈≈≈≈≈≈.≈≈≈≈≈
≈≈≈≈≈≈≈≈≈≈≈≈≈..###.≈≈≈≈≈≈.≈≈≈≈≈
≈≈≈≈≈≈≈≈≈≈≈≈≈(.)###.≈≈≈≈≈[≈≈≈≈≈
≈≈≈≈≈≈.≈≈≈≈≈≈≈≈.###..≈≈≈≈.≈≈≈≈≈
≈≈≈≈≈≈≈≈≈≈≈....#....≈≈≈≈.≈≈≈≈≈
≈≈≈≈≈≈≈≈≈≈≈.......≈≈≈≈≈m≈≈≈≈≈
≈≈≈≈≈≈≈≈≈≈≈...≈≈.≈≈≈≈.[.≈≈≈≈
≈≈≈≈≈≈≈≈≈(≈≈≈≈..≈...#....≈
≈≈≈≈≈≈≈≈≈≈≈≈≈≈≈...#####...


You could see a merfolk aquamancer, a merfolk and 3 water elementals.

Vanquished Creatures
  Norris (D:14)
  Rupert (D:14)
  2 frost giants
  Aizul (Shoals:4)
  The ghost of Yehuk the Tortoise, an adept GrFi of Okawaru (Orc:2)
  2 merfolk javelineers
  3 merfolk impalers
  Harold (Lair:1)
  2 ettins
  4 hydras
  A great orb of eyes (D:13)
  3 centaur warriors
  2 catoblepae (Lair:8)
  Erolcha (D:9)
  3 merfolk avatars
  A death knight (D:15)
  A merfolk aquamancer (Shoals:3)
  4 ogre magi
  13 death yaks
  3 tengu warriors
  A deep troll shaman (Lair:8)
  An orc high priest (Orc:1)
  A deep elf knight (Volcano)
  13 sea snakes
  3 unseen horrors
  3 deep trolls
  Pikel (D:4)
  16 deep elf magi
  2 orc knights
  The ghost of zkyp the Cleaver, a novice MiCj (D:5)
  8 hill giants
  A lindwurm (Lair:8)
  17 harpies
  An oklob plant (Lair:6)
  4 ugly things (D:12)
  An orc sorcerer (Orc:1)
  4 fauns (Shoals:1)
  4 griffons
  A wolf spider (D:15)
  3 centaur zombies
  An elephant (shapeshifter) (D:14)
  8 manticores
  12 cyclopes
  A water nymph (Shoals:3)
  8 sirens
  17 elephants
  6 black mambas
  A torpor snail (Lair:5)
  4 centaur skeletons
  An ice statue (IceCv)
  15 spiny frogs
  A kobold demonologist (D:15)
  9 komodo dragons
  A rime drake (Lair:5)
  17 polar bears
  11 trolls
  4 wind drakes
  A queen bee (Orc:1)
  15 merfolk
  Prince Ribbit (D:6)
  6 two-headed ogres
  4 snapping turtles
  4 slime creatures
  27 blink frogs
  A shadow (D:15)
  5 water elementals
  Sigmund (D:6)
  3 wraiths
  2 vampires (D:14)
  4 wyverns (Lair:4)
  95 yaks
  7 hippogriffs
  Eustachio (D:6)
  16 humans (D:14)
  2 basilisks
  3 hungry ghosts
  3 wargs (Orc:1)
  2 vampire mosquitoes (D:12)
  3 soldier ants
  13 water moccasins
  14 porcupines
  2 slaves
  3 sky beasts
  2 ice beasts
  2 black bears
  9 orc warriors
  6 phantoms
  2 necrophages
  2 wasps
  20 wolves
  20 ogres
  21 centaurs
  15 crocodiles
  5 big kobolds
  14 giant frogs
  A wyvern skeleton (D:10)
  3 scorpions
  25 killer bees
  3 wights (D:14)
  An electric eel (Lair:5)
  A howler monkey (D:7)
  9 crimson imps
  3 quasits
  A wasp zombie (D:8)
  4 jellies
  3 lava snakes (Lair:7)
  A giant frog zombie (D:9)
  5 hounds
  A gnoll shaman (D:7)
  9 orc priests
  16 orc wizards
  2 giant frog skeletons
  13 iguanas
  10 worker ants
  4 sheep (Shoals:3)
  A hound zombie (D:7)
  2 hound skeletons (D:4)
  2 worker ant zombies
  13 adders
  8 gnolls
  30 river rats
  7 shadow imps
  An ooze (D:1)
  2 adder skeletons
  A worm (D:3)
  3 dart slugs
  7 giant geckos
  61 orcs
  A ball python (D:4)
  A bat (D:3)
  8 giant cockroaches
  5 goblins
  7 hobgoblins
  18 jackals
  30 kobolds
  3 quokkas
  A ball python skeleton (D:4)
  3 giant newts
  11 rats
  8 fungi
  16 plants
974 creatures vanquished.

Vanquished Creatures (others)
  18 fungi
  16 plants
  4 tentacles (Shoals:3)
  70 tentacle segments (Shoals:3)
108 creatures vanquished.

Grand Total: 1082 creatures vanquished

Notes
Turn   | Place    | Note
--------------------------------------------------------------
     0 | D:1      | imganon the Hill Orc Berserker began the quest for the Orb.
     0 | D:1      | Reached XP level 1. HP: 19/19 MP: 1/1
   356 | D:1      | Reached XP level 2. HP: 25/26 MP: 2/2
   484 | D:1      | Reached skill level 5 in Axes
   843 | D:1      | Reached XP level 3. HP: 25/31 MP: 3/3
  1286 | D:2      | Reached ** piety under Trog
  1535 | D:2      | Reached skill level 6 in Axes
  1813 | D:3      | Reached XP level 4. HP: 29/39 MP: 4/4
  2373 | D:4      | You fall through a shaft for 2 floors!
  2391 | D:6      | Reached *** piety under Trog
  2391 | D:6      | Reached skill level 7 in Axes
  2391 | D:6      | Reached XP level 5. HP: 14/45 MP: 5/5
  2566 | D:6      | Noticed a black bear
  2577 | D:6      | Reached skill level 8 in Axes
  2591 | D:6      | Killed a black bear
  2591 | D:6      | Reached skill level 9 in Axes
  2591 | D:6      | Reached XP level 6. HP: 44/51 MP: 6/6
  2618 | D:6      | Noticed an ice beast
  2639 | D:6      | Killed an ice beast
  2681 | D:6      | Noticed Sigmund
  2695 | D:6      | Killed Sigmund
  2695 | D:6      | Reached skill level 10 in Axes
  2695 | D:6      | Reached XP level 7. HP: 42/57 MP: 7/7
  2726 | D:6      | Noticed Eustachio
  2744 | D:6      | Found a glowing drain.
  2749 | D:6      | Killed Eustachio
  2749 | D:6      | Reached skill level 11 in Axes
  2816 | D:6      | Noticed Prince Ribbit
  2842 | Sewer    | Entered a sewer
  3144 | Sewer    | Found a white marble altar of Elyvilon.
  3219 | D:5      | Entered Level 5 of the Dungeon
  3349 | D:5      | Reached XP level 8. HP: 36/64 MP: 8/8
  3584 | D:5      | Reached skill level 12 in Axes
  3595 | D:5      | Reached **** piety under Trog
  3635 | D:5      | Noticed zkyp's ghost (novice MiCj)
  3669 | D:4      | Noticed Pikel
  4131 | D:4      | Found a basalt altar of Yredelemnul.
  4162 | D:4      | Killed Pikel
  4162 | D:4      | Reached skill level 13 in Axes
  4168 | D:4      | Reached skill level 14 in Axes
  4267 | D:4      | Reached XP level 9. HP: 68/70 MP: 9/9
  4886 | D:5      | Found a white marble altar of Elyvilon.
  4887 | D:5      | Found an oddly glowing altar of Pakellas.
  4948 | D:5      | Killed zkyp's ghost
  4948 | D:5      | Reached skill level 15 in Axes
  5189 | D:6      | Found a deep blue altar of Sif Muna.
  5239 | D:6      | Killed Prince Ribbit
  5351 | D:6      | Found a staircase to the Ecumenical Temple.
  5382 | D:6      | Reached skill level 5 in Fighting
  5712 | D:7      | Reached ***** piety under Trog
  5739 | D:7      | Reached skill level 5 in Armour
  6015 | D:7      | Reached XP level 10. HP: 57/84 MP: 10/10
  6495 | D:8      | Found Ryehong's Armour Shoppe.
  6504 | D:8      | Noticed a hill giant
  6512 | D:8      | Killed a hill giant
  7032 | D:8      | Received a gift from Trog
  7770 | D:9      | Received a gift from Trog
  7820 | D:9      | Killed an unseen horror
  7820 | D:9      | Reached XP level 11. HP: 21/99 MP: 11/11
  8176 | D:9      | Reached skill level 10 in Fighting
  8275 | D:9      | Noticed Erolcha
  8284 | D:9      | Killed Erolcha
  8578 | D:10     | Entered Level 10 of the Dungeon
  8681 | D:10     | Reached skill level 16 in Axes
  9121 | D:10     | Killed an unseen horror
  9893 | D:10     | Gained mutation: You are agile. (Dex +2) [potion of beneficial mutation]
  9894 | D:10     | Gained mutation: You have a pair of small horns on your head. [potion of beneficial mutation]
  9895 | D:10     | Gained mutation: You are somewhat resistant to further mutation. [potion of beneficial mutation]
  9906 | D:11     | Reached skill level 10 in Armour
  9938 | D:11     | Received a gift from Trog
  9969 | D:11     | Reached skill level 17 in Axes
 10249 | D:11     | Found a staircase to the Lair.
 10310 | D:11     | Found a frozen archway.
 10370 | IceCv    | Entered an ice cave
 10384 | IceCv    | Reached XP level 12. HP: 96/107 MP: 4/12
 10417 | IceCv    | Reached skill level 18 in Axes
 11199 | IceCv    | Reached skill level 19 in Axes
 11372 | IceCv    | Noticed a frost giant
 11393 | IceCv    | Killed a frost giant
 12287 | D:11     | Reached skill level 20 in Axes
 12410 | Lair:1   | Entered Level 1 of the Lair of Beasts
 12410 | Lair:1   | Noticed Harold
 12425 | Lair:1   | Killed Harold
 12463 | Lair:1   | Noticed a four-headed hydra
 12466 | Lair:1   | Killed a six-headed hydra
 12477 | Lair:1   | Reached XP level 13. HP: 114/114 MP: 4/13
 12640 | Lair:1   | Found a blossoming altar of Fedhas.
 12870 | Lair:1   | Reached skill level 21 in Axes
 13136 | Lair:2   | Received a gift from Trog
 13149 | Lair:2   | Found a dark tunnel.
 13154 | Volcano  | Entered a volcano
 13829 | Lair:2   | Lost mutation: You have a pair of small horns on your head. [potion of cure mutation]
 13829 | Lair:2   | Lost mutation: You are agile. (Dex +2) [potion of cure mutation]
 13829 | Lair:2   | Lost mutation: You are somewhat resistant to further mutation. [potion of cure mutation]
 14637 | Lair:2   | Reached skill level 22 in Axes
 15060 | Lair:3   | Reached ****** piety under Trog
 15756 | Lair:3   | Found a staircase to the Shoals.
 15820 | Lair:3   | Received a gift from Trog
 16001 | Lair:3   | Reached skill level 23 in Axes
 16231 | Lair:4   | Found a hole to the Spider Nest.
 16270 | Lair:4   | Reached XP level 14. HP: 82/122 MP: 4/14
 16732 | Lair:3   | Got a pair of heavily runed gloves
 16738 | Lair:3   | Identified the +2 pair of gloves of the Onion {rC- MR- rCorr Int+7} (You found it on level 3 of the Lair of Beasts)
 17523 | Lair:5   | Received a gift from Trog
 17536 | Lair:5   | Reached skill level 24 in Axes
 18035 | Lair:5   | Reached skill level 1 in Evocations
 18541 | Lair:6   | Found a staircase to the Slime Pits.
 20819 | Lair:8   | Entered Level 8 of the Lair of Beasts
 20847 | Lair:8   | Reached skill level 25 in Axes
 20892 | Lair:8   | Reached skill level 5 in Evocations
 21052 | Lair:8   | Received a gift from Trog
 21393 | Lair:8   | Reached XP level 15. HP: 119/127 MP: 6/18
 22985 | D:12     | Reached skill level 26 in Axes
 23027 | D:12     | Received a gift from Trog
 23892 | D:12     | Found a staircase to the Orcish Mines.
 24684 | D:13     | Found a shimmering altar of Xom.
 25267 | Orc:1    | Entered Level 1 of the Orcish Mines
 25373 | Orc:1    | Found Duxkoanu's Magic Scroll Shoppe.
 25432 | Orc:1    | Received a gift from Trog
 25847 | Orc:1    | Bought 2 scrolls of blinking for 225 gold pieces
 26055 | Orc:2    | Entered Level 2 of the Orcish Mines
 26076 | Orc:2    | Noticed Yehuk's ghost (adept GrFi)
 26109 | Orc:2    | Killed Yehuk's ghost
 26492 | Orc:2    | Found a staircase to the Elven Halls.
 26522 | Orc:2    | Found Huwaton's Magic Scroll Shop.
 26522 | Orc:2    | Found Toesoxt's General Store.
 26948 | Orc:2    | Reached XP level 16. HP: 84/135 MP: 7/22
 28028 | Orc:2    | Reached skill level 27 in Axes
 28274 | Orc:2    | Found Xowing's Antique Weapon Emporium.
 28277 | Orc:2    | Found Ycvosch's Food Boutique.
 29014 | D:14     | Reached skill level 10 in Evocations
 29062 | D:14     | Received a gift from Trog
 29073 | D:14     | Noticed Rupert
 29074 | D:14     | Noticed Norris
 29106 | D:14     | Killed Rupert
 29120 | D:14     | Killed Norris
 29172 | D:14     | Paralysed by a great orb of eyes for 5 turns
 29631 | D:14     | Found a gate to the Vaults.
 30272 | D:15     | Entered Level 15 of the Dungeon
 30458 | D:15     | Found a snail-covered altar of Cheibriados.
 31363 | D:15     | Found a staircase to the Depths.
 31687 | Shoals:1 | Entered Level 1 of the Shoals
 32330 | Shoals:1 | Reached XP level 17. HP: 120/148 MP: 8/24
 33847 | Shoals:2 | Received a gift from Trog
 33876 | Shoals:2 | HP: 3/150 [cyclops/large rock (26)]
 35074 | Shoals:2 | You fall through a shaft!
 35841 | Shoals:3 | Noticed a kraken
 36545 | Shoals:4 | Entered Level 4 of the Shoals
 36563 | Shoals:4 | Noticed Aizul
 37104 | Shoals:4 | Killed Aizul
 38870 | Shoals:3 | HP: 9/231 [merfolk impaler/trident of protection (17)]
 39022 | Shoals:3 | Killed from afar by a merfolk aquamancer

Skill      XL: |  1  2  3  4  5  6  7  8  9 10 11 12 13 14 15 16 17 |
---------------+----------------------------------------------------+-----
Axes           | 5 6 7 9 10 11 14 15 17 20 23 25 26 27 | 27.0
Fighting       | 6 9 10 12 14 | 14.9
Armour         | 5 8 10 12 14 | 14.2
Evocations     | 5 8 10 | 10.0
Dodging        | |  1.5

Action                   |  1- 3 |  4- 6 |  7- 9 | 10-12 | 13-15 | 16-18 || total
-------------------------+-------+-------+-------+-------+-------+-------++-------
Melee: Hand axe          |   104 |   106 |   457 |   242 |       |       ||   909
       Executioner's axe |       |       |       |   344 |  1035 |   734 ||  2113
       Headbutt          |       |       |       |    64 |    13 |       ||    77
       Battleaxe         |       |       |       |       |    15 |       ||    15
Invok: Berserk           |       |     4 |     6 |     9 |     5 |     7 ||    31
       Burn Spellbooks   |       |       |       |     2 |     3 |     4 ||     9
       Trog's Hand       |       |       |       |       |     2 |     5 ||     7
       Brothers in Arms  |       |       |       |       |       |     1 ||     1
Evoke: Wand              |       |       |       |       |     1 |    10 ||    11
  Use: Scroll            |     5 |       |     1 |    23 |     8 |     3 ||    40
       Potion            |       |       |     4 |     5 |     5 |    14 ||    28
 Stab: Sleeping          |     2 |       |       |       |       |       ||     2
       Distracted        |       |       |       |       |     1 |       ||     1
       Paralysed         |       |       |       |       |     1 |       ||     1
  Eat: Chunk             |     3 |     1 |    14 |    29 |    21 |     5 ||    73
       Bread ration      |       |     1 |     1 |     1 |     3 |     8 ||    14
       Fruit             |       |       |       |     6 |    20 |     2 ||    28
       Pizza             |       |       |       |       |     2 |       ||     2
       Meat ration       |       |       |       |       |       |     1 ||     1
Armor: Animal skin       |     8 |       |       |       |       |       ||     8
       Scale mail        |    10 |    25 |       |       |       |       ||    35
       Ring mail         |       |    31 |   167 |    66 |       |       ||   264
       Plate armour      |       |       |       |   413 |   580 |   467 ||  1460
Dodge: Dodged            |    56 |    56 |   173 |   251 |   401 |   287 ||  1224
